 Dungeon Crawl Stone Soup version 0.31-a0-167-g1c394c0614 (webtiles) character file.

Game seed: 10610064989931575759

6 qw the Shooter (level 1, -2/12 HPs)
             Began as a Gargoyle Hunter on June 14, 2023.
             Slain by a quokka (4 damage)
             ... on level 1 of the Dungeon.
             The game lasted 00:00:04 (239 turns).

qw the Shooter (Gargoyle Hunter)                     Turns: 239, Time: 00:00:04

Health: -2/12      AC:  5    Str: 14    XL:     1   Next: 90%
Magic:  1/1        EV: 11    Int:  9    God:
Gold:   13         SH:  0    Dex: 13    Spells: 0/0 levels left

rFire   . . .        a - +0 shortbow
rCold   . . .        (shield currently unavailable)
rNeg    + . .        c - +0 leather armour
rPois   inf          (no helmet)
rElec   +            (no cloak)
rCorr   .            (no gloves)
SInv    .            (no boots)
Will    .....        (no amulet)
Stlth   +            (no ring)
HPRegen 0.22/turn    (no ring)
MPRegen 0.07/turn

%: no passive effects
@: no status effects
A: sickness immunity, AC +2, negative energy resistance 1, electricity
resistance, torment resistance 1, petrification resistance
a: no special abilities


You were on level 1 of the Dungeon.
You visited 1 branch of the dungeon, and saw 1 of its levels.

You collected 13 gold pieces.


Innate Abilities, Weirdness & Mutations

You are immune to sickness and miasma.
Your stone body is resilient. (AC +2)
You are immune to poison.
You resist negative energy. (rN+)
You are resistant to electric shocks. (rElec)
You are resistant to unholy torment.
You are immune to petrification.


   Skills:
 - Level 2.1 Fighting
 + Level 4.3 Ranged Weapons
 - Level 1.5 Dodging
 - Level 1.1 Stealth


You couldn't memorise any spells.
You didn't know any spells.
Your spell library was empty.

Inventory:

Hand Weapons
 a - a +0 shortbow (weapon)
Armour
 c - a +0 leather armour (worn)
 g - a +1 pair of gloves
Jewellery
 f - a ring of flight
Scrolls
 b - a scroll of butterflies
 d - a scroll of summoning {unknown}
 e - a scroll of enchant weapon {unknown}
 h - a scroll of identify {unknown}

Dungeon Overview and Level Annotations

Branches:
Dungeon (1/15)

Altars:


Message History

A quokka comes into view.
The quokka moves out of view.
Enter note:
h - a scroll labelled VEYRAX JEISTYO
Found a scroll labelled BAOHUNK ALEWKETU.
You shoot an arrow. The arrow closely misses the quokka.
The quokka bites you. x2
You shoot an arrow.
The arrow hits the quokka but does no damage.
The quokka bites you.
You shoot an arrow. The arrow closely misses the quokka.
The quokka bites you but does no damage.
The quokka bites you.
You shoot an arrow. The arrow barely misses the quokka.
The quokka closely misses you.
You shoot an arrow. The arrow completely misses the quokka.
The quokka barely misses you. The quokka closely misses you.
You shoot an arrow. The arrow hits the quokka.
The quokka is heavily wounded.
The quokka misses you.
You shoot an arrow. The arrow completely misses the quokka.
The quokka barely misses you. x2
You shoot an arrow.
The arrow hits the quokka but does no damage.
The quokka is heavily wounded.
The quokka bites you but does no damage.
You shoot an arrow. The arrow closely misses the quokka.
The quokka bites you. The quokka closely misses you.
You shoot an arrow. The arrow misses the quokka.
The quokka bites you but does no damage.
You shoot an arrow. The arrow closely misses the quokka.
The quokka barely misses you. The quokka closely misses you.
You shoot an arrow. The arrow misses the quokka.
The quokka closely misses you.
You shoot an arrow.
The arrow hits the quokka but does no damage.
The quokka is heavily wounded.
The quokka bites you but does no damage.
The quokka bites you.
You die...

....# #.## ....# #..##
##### .... ....# ##..#
#...# .... ....# ##.#
#...#.....
....#######.###...#.....
##............'.........
####.#######.##.........
.....# #.##........?
####.# #.##.@.......
...#.# #.####r......
##.#.# #.# ...##..
.#.#.#####.#.# ...#
.#.#.......#.# ...#
.#.#.####### ...#
<#.#........ ...#
.#.#.####### ....
.#.#.......#


You could see a quokka.

Vanquished Creatures
  A dart slug (D:1)
  A bat (D:1)
  A goblin (D:1)
  A ball python (D:1)
4 creatures vanquished.

Notes
Turn   | Place    | Note
-------+----------+-------------------------------------------
     0 | D:1      | qw the Gargoyle Hunter began the quest for the Orb.
     0 | D:1      | Reached XP level 1. HP: 12/12 MP: 1/1
     0 | D:1      | 0 ||| qw: Version: 0.2-a-29-g1fa15c8
     0 | D:1      | 0 ||| qw: Game counter: 5073
     0 | D:1      | 0 ||| qw: Always use a shield: true
     0 | D:1      | 0 ||| qw: God list: Okawaru
     0 | D:1      | 0 ||| qw: Allow faded altars: false
     0 | D:1      | 0 ||| qw: Do Orc after D:15 true
     0 | D:1      | 0 ||| qw: Do second Lair branch before Depths: true
     0 | D:1      | 0 ||| qw: Lair rune preference: random
     0 | D:1      | 0 ||| qw: Plans: Normal, Zot:1-4, Slime:5, God:TSO, Crypt,
                  | Tomb, Abyss, Pan, Hells, Win
     0 | D:1      | 0 ||| PLANNING D:1-11
   235 | D:1      | HP: 1/12 [quokka (4)]
   239 | D:1      | Slain by a quokka

Levels and vault maps discovered:
D:1:      matt_arrival_spirals, layout_basic,
          hellmonk_ecumenical_altar_leap_of_faith

Action                     || total
---------------------------++-------
   Fire: Shortbow          ||    22
 Armour: Leather armour    ||     4
  Dodge: Dodged            ||    12

Table legend:
 A = Non-vault XP
 B = Vault XP
 C = Vault XP percentage of total XP
 D = Non-vault monster count
 E = Vault monster count
 F = Vault count percentage of total count
                 A         B        C        D         E       F
            +---------+---------+-------+---------+---------+-------
      Total |       9 |       0 |   0.0 |       4 |       0 |   0.0
            +---------+---------+-------+---------+---------+-------
        D:1 |       9 |       0 |   0.0 |       4 |       0 |   0.0
            +---------+---------+-------+---------+---------+-------
